 Dungeon Crawl Stone Soup version 0.29.1-15-g9cfb28693d (webtiles) character file.

Game seed: 10973543123340631734

78 KittyFluff the Cudgeller (level 4, -3/29 HPs)
             Began as a Gargoyle Berserker on Apr 9, 2023.
             Was a Believer of Trog.
             Killed from afar by an orc wizard (6 damage)
             ... with a puff of flame
             ... on level 2 of the Dungeon.
             The game lasted 00:08:14 (1645 turns).

KittyFluff the Cudgeller (Gargoyle Berserker)       Turns: 1645, Time: 00:08:14

Health: -3/29      AC:  5    Str: 20    XL:     4   Next: 36%
Magic:  4/4        EV: 11    Int:  8    God:    Trog [**....]
Gold:   88         SH:  3    Dex: 11    Spells: 3/3 levels left

rFire   . . .      SeeInvis .   a - +0 mace
rCold   . . .      Faith    .   e - +0 buckler
rNeg    + . .      Spirit   .   b - +0 animal skin
rPois   ∞          Reflect  .   (no helmet)
rElec   +          Harm     .   (no cloak)
rCorr   .          Rampage  .   (no gloves)
Will    .....                   (no boots)
Stlth   +.........              (no amulet)
HPRegen 0.09/turn               (no ring)
MPRegen 0.09/turn               (no ring)

@: no status effects
A: sickness immunity, AC +3, negative energy resistance 1, electricity
resistance, torment resistance 1, petrification resistance
a: Renounce Religion, Berserk, Trog's Hand


You were on level 2 of the Dungeon.
You worshipped Trog.
Trog was pleased with you.
You visited 1 branch of the dungeon, and saw 2 of its levels.

You collected 88 gold pieces.

Inventory:

Hand Weapons
 a - a +0 mace (weapon)
 o - a +0 sling
Missiles
 l - 29 stones (quivered)
 n - 2 poisoned darts
Armour
 b - a +0 animal skin (worn)
 e - a +0 buckler (worn)
Scrolls
 c - 2 scrolls of vulnerability {unknown}
 d - a scroll of blinking {unknown}
 f - 3 scrolls of identify
 g - 2 scrolls of silence {unknown}
 h - 2 scrolls of teleportation {unknown}
 i - a scroll of poison {unknown}
 m - a scroll of immolation {unknown}
Potions
 j - 2 potions of mutation
 k - a potion of heal wounds {unknown}
 p - a potion of berserk rage {unknown}
 q - a potion of flight {unknown}


   Skills:
 + Level 3.8 Fighting
 + Level 4.1 Maces & Flails
 * Level 2.7 Armour
 + Level 2.0 Dodging


You had 3 spell levels left.
You didn't know any spells.
Your spell library was empty.

Dungeon Overview and Level Annotations

Branches:
Dungeon (2/15)

Altars:


Innate Abilities, Weirdness & Mutations

You are immune to sickness and miasma.
Your stone body is resilient. (AC +3)
You are immune to poison.
You resist negative energy. (rN+)
You are resistant to electric shocks. (rElec)
You are resistant to unholy torment.
You are immune to petrification.


Message History

You thump the orc!
You kill the orc!
Trog accepts your kill. The orc hits you with a +0 hand axe.
The orc wizard mumbles some strange words.
The orc wizard flickers and vanishes!
Deactivating autopickup; reactivate with Ctrl-A.
You see here a +0 whip.
You hit the orc.
The orc is almost dead.
The orc hits you with a +0 hand axe.
The orc wizard casts a spell.
The orc wizard flickers and vanishes!
You thump the orc!
You kill the orc!
Trog accepts your kill.
A magic dart appears from out of thin air!
The magic dart hits you.
You miss something. Something hits you but does no damage.
You miss something. Something hits you.
You miss something. Something hits you but does no damage. Something hits you.
You closely miss something. Something hits you.
You hit something. Something hits you but does no damage.
A magic dart appears from out of thin air!
The magic dart hits something.
You hit something.
You hear some strange, mumbled words.
A magic dart appears from out of thin air!
The magic dart hits you.
* * * LOW HITPOINT WARNING * * *
You hit something. Something barely misses you.
You closely miss something.
You hear some strange, mumbled words.
A magic dart appears from out of thin air!
The magic dart hits you.
* * * LOW HITPOINT WARNING * * *
You hear some strange, mumbled words.
A puff of flame appears from out of thin air!
The puff of flame hits you.
You die...

#.##$ ... ......... #.##.
#.# ##########.# #.##..#.#
.. .........#
#.##..#.##.##########..#
#.##................)..#
##.#.#.#.##.............† #
#...###.{##.####.#.###.##
#.##..#.#.#{##......#.###.#
#......#.##@##.# #...##.#
####...####.##.# ###.#.##.#
#........##.###...#....#
#.#.#######.....#####..#
#.#.# #.###...#...## #.#.#
#.# ###.#.### #.#.# #.#
#...# #.#.# #.# ##.## #.#.#
#.# #.#


There were no monsters in sight!

Vanquished Creatures
  3 adders (D:2)
  A worm (D:2)
  2 orcs (D:2)
  4 ball pythons
  3 endoplasms (D:1)
  5 giant cockroaches
  2 goblins
  3 hobgoblins
  7 jackals
  3 kobolds (D:2)
  A quokka (D:1)
  2 bats
  A frilled lizard (D:2)
  5 rats
42 creatures vanquished.

Notes
Turn   | Place    | Note
-------+----------+-------------------------------------------
     0 | D:1      | KittyFluff the Gargoyle Berserker began the quest for the
                  | Orb.
     0 | D:1      | Reached XP level 1. HP: 14/14 MP: 1/1
   364 | D:1      | Reached XP level 2. HP: 19/19 MP: 2/2
   400 | D:1      | Found a faded altar of an unknown god.
   832 | D:2      | Reached XP level 3. HP: 23/23 MP: 3/3
   958 | D:2      | Reached skill level 4 in Maces & Flails
  1030 | D:2      | Reached ** piety under Trog
  1304 | D:2      | Reached XP level 4. HP: 15/29 MP: 4/4
  1645 | D:2      | Killed from afar by an orc wizard

Illustrated notes

Levels and vault maps discovered:
D:1:      minmay_arrival_widening_spiral_wide, layout_loops_corners,
          basic_ecumenical_altar
D:2:      layout_loops_ring, minmay_fractal_squares_gapless_5

Skill      XL: |  1  2  3 |
---------------+----------+-----
Maces & Flails | 4 |  4.1
Dodging        | 2 |  2.0
Fighting       | |  3.8
Armour         | |  2.7

Action                   |  1- 3 |  4- 6 || total
-------------------------+-------+-------++-------
Melee: Mace              |    82 |    28 ||   110
  Use: Scroll            |     1 |       ||     1
Armor: Animal skin       |    31 |    11 ||    42
Dodge: Dodged            |    46 |    12 ||    58
Block: Buckler           |     8 |     2 ||    10
